AoeStats
← Vermow

Glade

510979501Analyzed
1v1 RM · 6h ago on Oct 3, 2026· 51m 23s· 2 players
Game mode
Random Map
Map size
Tiny (2 player)
Population
200
Speed
Normal
Resources
Standard
Victory
Conquest
Starting age
Dark Age
Ending age
Imperial Age
RankedLock teamsTeams togetherTeam positionsShared explorationLock speedFull tech treeHidden civsTurbo modeCheats
Victory
Defeat
🇺🇸 Berbers · United States
407
+24
🇧🇪 Franks · Belgium
585
-24
caly
0:39 Loom
12:03 Feudal Age
24:40 Castle Age
22:52 Double-Bit Axe
22:50 Horse Collar
23:19 Man-at-Arms
25:57 Husbandry
28:49 Bloodlines
29:14 Bow Saw
29:35 Town Watch
33:30 Thumb Ring
34:30 Thumb Ring
37:07 Imperial Age
34:53 Light Cavalry
34:59 Elite Skirmisher
35:55 Squires
36:31 Crossbowman
38:42 Heavy Plow
41:08 Wheelbarrow
40:34 Town Patrol
41:19 Ballistics
40:55 Pikeman
42:23 Heavy Camel Rider
44:45 Chemistry
44:46 Theocracy
51:08 Hand Cart
Vermow
7:28 Loom
9:55 Feudal Age
16:27 Scale Barding Armor
16:33 Forging
16:58 Double-Bit Axe
22:52 Castle Age
21:38 Gold Mining
21:39 Stone Mining
25:10 Husbandry
26:40 Bow Saw
28:11 Fortified Wall
28:02 Fletching
28:54 Guard Tower
30:31 Chain Barding Armor
31:25 Wheelbarrow
32:22 Hand Cart
33:09 Bodkin Arrow
33:50 Iron Casting
33:23 Town Watch
35:44 Town Patrol
36:50 Ballistics
40:37 Imperial Age
40:56 Cavalier
42:53 Plate Barding Armor
43:31 Conscription
43:48 Hoardings
44:33 Blast Furnace
46:00 Gold Shaft Mining
44:57 Heavy Scorpion
45:11 Paladin
48:18 Chemistry
Connection lost

Rejoining the realm…

Still unreachable

The connection could not be restored.

Session expired

The server has moved on; the page needs a fresh start.